 Dungeon Crawl Stone Soup version 0.26-a0-812-g31a745ddcd (webtiles) character file.

Game seed: 7788096970528259892

3321 kae the Grappler (level 9, -13/74 HPs)
             Began as a Black Draconian Transmuter on Nov 27, 2020.
             Was a Believer of Wu Jian.
             Mangled by an orc warrior
             ... wielding a cursed -3 halberd
              (18 damage)
             ... on level 9 of the Dungeon.
             The game lasted 00:07:05 (11700 turns).

kae the Grappler (Black Draconian Transmuter)      Turns: 11700, Time: 00:07:06

Health: -13/74     AC: 10    Str: 15    XL:     9   Next: 71%
Magic:  16/16      EV: 15    Int: 14    God:    Wu Jian [**....]
Gold:   442        SH:  5    Dex: 18    Spells: 14/18 levels left

rFire    . . .     SeeInvis .   c - +5 spear
rCold    . . .     Faith    .   (no shield)
rNeg     . . .     Spirit   .   (armour unavailable)
rPois    .         Reflect  +   (helmet restricted)
rElec    +         Harm     .   (no cloak)
rCorr    .         Rampage  .   m - +2 pair of gloves
MR       .....     Rnd*Tele +   (no boots)
Stlth    ++........             f - amulet of reflection
HPRegen  0.22/turn              p - ring of teleportation
MPRegen  0.15/turn              d - +6 ring of dexterity

@: short of breath
A: breathe lightning, unfitting armour, electricity resistance, cold-blooded, AC
+7
a: Breathe Lightning, Wall Jump, Renounce Religion


You were on level 9 of the Dungeon.
You worshipped Wu Jian.
Wu Jian was pleased with you.
You visited 2 branches of the dungeon, and saw 10 of its levels.
You also visited: Sewer.

You collected 512 gold pieces.
You spent 70 gold pieces at shops.

Inventory:

Hand Weapons
 c - a +5 spear (weapon)
Armour
 m - a +2 pair of gloves (worn)
Jewellery
 d - a +6 ring of dexterity (right hand)
 f - an amulet of reflection (around neck)
 g - an uncursed ring of ice
 p - a ring of teleportation (left hand)
Wands
 i - a wand of random effects (39)
 q - a wand of polymorph (12)
 w - a wand of acid (36)
 y - a wand of digging (3)
Scrolls
 a - 2 scrolls of fear
 e - a scroll of blinking
 l - a scroll of magic mapping
 o - a scroll of teleportation
 r - a scroll of vulnerability
 x - 3 scrolls of amnesia
Potions
 b - 3 potions of curing
 h - 3 potions of attraction {unknown}
 j - 3 potions of degeneration {unknown}
 k - a potion of resistance {unknown}
 n - a potion of heal wounds
 s - a potion of invisibility {unknown}
 t - 4 potions of flight {unknown}
 u - 2 potions of might {unknown}
 v - a potion of cancellation {unknown}
 z - a potion of brilliance {unknown}


   Skills:
 + Level 5.5 Fighting
 + Level 5.0 Dodging
 * Level 8.0 Unarmed Combat
 + Level 5.1 Spellcasting
 * Level 7.7 Transmutations


You had 14 spell levels left.
You knew the following spells:

 Your Spells              Type           Power        Failure   Level
a - Beastly Appendage     Tmut           ####..       1%          1
b - Spider Form           Tmut/Pois      ##........   11%         3

Your spell library contained the following spells:

 Spells                   Type           Power        Failure   Level
 Wereblood                Tmut           ####....     1%          2
 Magic Dart               Conj           #...         17%         1
 Blade Hands              Tmut           ####......   21%         5
 Blink                    Tloc           N/A          26%         2
 Call Imp                 Summ           #.......     26%         2
 Slow                     Hex            #.......     26%         2
 Ice Form                 Ice/Tmut       ##......     34%         4
 Conjure Flame            Conj/Fire      #.......     45%         3
 Mephitic Cloud           Conj/Pois/Air  #.......     45%         3


Dungeon Overview and Level Annotations

Branches:
Dungeon (9/15)             Temple (1/1) D:7            Lair (0/6) D:8
    Orc (0/2) D:9           Sewer (visited)

Altars:
Ashenzari
Cheibriados
Dithmenos
Elyvilon
Fedhas
Gozag
Hepliaklqana
Kikubaaqudgha
Makhleb
Nemelex Xobeh
Okawaru
Qazlal
Ru
Sif Muna
Trog
Uskayaw
Vehumet
Wu Jian
Xom
Yredelemnul
Zin
The Shining One

Shops:
D:4 }   D:6 (   D:8 *   D:9 [(

Portals:
Abyss: D:3

Annotations:
D:3 2 transporters, CypherZel's ghost, amateur OgBe
D:8 exclusion: two-headed ogre


Innate Abilities, Weirdness & Mutations

You can breathe wild blasts of lightning.
Your glossy black scales are hard. (AC +7)
You cannot fit into any form of body armour.
You are resistant to electric shocks. (rElec)
You are cold-blooded and may be slowed by cold attacks.


Message History

The orc warrior is almost dead.
You hear an angry hiss.
You puncture the two-headed ogre! You tail-slap the two-headed ogre.
The two-headed ogre is almost dead.
The two-headed ogre hits you with a cursed -1 giant club!!
The two-headed ogre hits you with a +0 giant spiked club!!
* * * LOW HITPOINT WARNING * * *
The orc warrior misses you.
You hit the two-headed ogre. You tail-slap the two-headed ogre.
The two-headed ogre is almost dead.
The two-headed ogre barely misses you. The two-headed ogre closely misses you.
The orc warrior barely misses you.
You closely miss the two-headed ogre.
You tail-slap the two-headed ogre, but do no damage.
The two-headed ogre is almost dead.
The two-headed ogre hits you with a cursed -1 giant club!
* * * LOW HITPOINT WARNING * * *
The two-headed ogre closely misses you.
The orc warrior hits you from afar with a cursed -3 halberd!!
You die...

....# #.#......####.#.....##
....####.#...........#...#.#
.......#.#...........#.###.# ...
....##.#.####........#.#.. .#...
..>.......<..............#......
.......#.#.##.......## ..#......
.......#.#....####.... ..#......
.......#.#....##########o#.....#
.......#.#......@Ooooooo.......#
.......#.###############.......#
#......#.# #...####oZ.....#
#........# ##......oo......#
#.....#### .......ooo..$...#
...#.## ......O..oo..$..# ...#.#
.......∩o>.∩...## .....#
.........).)...# .....#
...............#


You could see a two-headed ogre, an orc warrior and 5 orcs.

Vanquished Creatures
  A hornet (D:9)
  Purgy (Sewer)
  2 phantoms
  A sky beast (D:5)
  A necrophage (D:8)
  2 orc warriors
  3 ogres
  A centaur (D:8)
  A big kobold (D:8)
  4 bullfrogs
  Blork the orc (D:5)
  2 scorpions
  12 killer bees (D:8)
  5 wights (D:8)
  2 howler monkeys
  A bullfrog zombie (D:8)
  2 hounds (D:9)
  2 jellies (D:9)
  2 centaur skeletons
  An orc priest (D:6)
  A bullfrog skeleton (D:4)
  Jessica (D:2)
  3 iguanas
  Terence (D:2)
  4 orc wizards
  3 worker ants
  A hound zombie (D:9)
  10 adders
  A howler monkey skeleton (D:8)
  A river rat (D:5)
  2 white imps (D:6)
  An adder zombie (D:5)
  An ooze (D:1)
  An adder skeleton (D:4)
  2 worms
  3 dart slugs
  5 leopard geckos
  38 orcs
  A ball python (D:5)
  8 giant cockroaches
  9 goblins
  5 hobgoblins
  4 jackals (D:6)
  2 quokkas
  10 bats
  3 frilled lizards
  17 kobolds
  A leopard gecko skeleton (D:4)
  4 rats
190 creatures vanquished.

Vanquished Creatures (others)
  A plant (D:7)
1 creature vanquished.

Grand Total: 191 creatures vanquished

Notes
Turn   | Place    | Note
-------+----------+-------------------------------------------
     0 | D:1      | kae the Draconian Transmuter began the quest for the Orb.
     0 | D:1      | Reached XP level 1. HP: 16/16 MP: 3/3
   318 | D:1      | Reached XP level 2. HP: 21/23 MP: 3/5
  1383 | D:2      | Reached XP level 3. HP: 28/28 MP: 4/6
  1388 | D:2      | Learned a level 3 spell: Spider Form
  1467 | D:2      | Noticed Terence
  1480 | D:2      | Killed Terence
  1751 | D:2      | Reached XP level 4. HP: 36/36 MP: 7/7
  2140 | D:2      | Noticed Jessica
  2156 | D:2      | Killed Jessica
  2461 | D:3      | Reached skill level 4 in Unarmed Combat
  2738 | D:3      | Reached XP level 5. HP: 33/41 MP: 8/8
  2813 | D:3      | Found a burning altar of Makhleb.
  2954 | D:3      | Found a transporter.
  2960 | D:3      | Noticed a toenail golem
  3140 | D:3      | Found a transporter.
  3309 | D:3      | Found a one-way gate to the infinite horrors of the Abyss.
  3310 | D:3      | Noticed CypherZel's ghost (amateur OgBe)
  3727 | D:4      | Noticed a phantom
  3739 | D:4      | Killed a phantom
  3739 | D:4      | Reached XP level 6. HP: 39/50 MP: 10/10
  3814 | D:4      | Found Lalat's Gadget Emporium.
  3842 | D:4      | Found a hide-covered altar of Uskayaw.
  3844 | D:4      | Noticed a +0 hand axe
  3844 | D:4      | Noticed a +0 dagger
  4909 | D:5      | Entered Level 5 of the Dungeon
  4943 | D:5      | Reached skill level 5 in Unarmed Combat
  4943 | D:5      | Your scales start taking on a glossy black colour.
  4943 | D:5      | Reached XP level 7. HP: 51/56 MP: 9/11
  4943 | D:5      | Gained mutation: You are resistant to electric shocks.
                  | (rElec) [Black Draconian growth]
  5350 | D:5      | Found a glowing drain.
  5370 | Sewer    | Entered a sewer
  5507 | Sewer    | Noticed Purgy
  5516 | Sewer    | Killed Purgy
  5729 | D:5      | Found a basalt altar of Yredelemnul.
  5731 | D:5      | Found a broken altar of Ashenzari.
  5731 | D:5      | Found a basalt altar of Yredelemnul.
  5733 | D:5      | Found a sacrificial altar of Ru.
  5733 | D:5      | Found a burning altar of Makhleb.
  5733 | D:5      | Found a shimmering altar of Xom.
  5911 | D:5      | Noticed Blork the orc
  5921 | D:5      | Killed Blork the orc
  6077 | D:5      | Reached skill level 5 in Transmutations
  6904 | D:6      | Reached XP level 8. HP: 25/64 MP: 10/13
  7315 | D:6      | Found Testo's Weapon Shop.
  7750 | D:7      | Reached skill level 6 in Unarmed Combat
  8067 | D:7      | Found a sacrificial altar of Ru.
  8621 | D:7      | Found a staircase to the Ecumenical Temple.
  8914 | Temple   | Entered the Ecumenical Temple
  9069 | Temple   | Became a worshipper of the Wu Jian Council
  9499 | D:8      | Reached XP level 9. HP: 63/71 MP: 11/15
  9509 | D:8      | Reached skill level 7 in Unarmed Combat
  9693 | D:8      | Reached * piety under Wu Jian
 10362 | D:8      | Reached skill level 5 in Fighting
 10374 | D:8      | Found a staircase to the Lair.
 10403 | D:8      | Found Luriv's General Store.
 10409 | D:8      | Bought a potion of heal wounds for 70 gold pieces
 10948 | D:8      | Noticed a two-headed ogre
 11046 | D:9      | Noticed a two-headed ogre
 11246 | D:9      | Reached skill level 5 in Spellcasting
 11581 | D:9      | Reached skill level 5 in Dodging
 11648 | D:9      | Reached skill level 8 in Unarmed Combat
 11666 | D:9      | Found a staircase to the Orcish Mines.
 11666 | D:9      | Found Favitsub's Weapon Shop.
 11666 | D:9      | Found Deakugu's Armour Shop.
 11670 | D:9      | Reached ** piety under Wu Jian
 11700 | D:9      | Mangled by an orc warrior

Illustrated notes

Levels and vault maps discovered:
D:1:      arrival_zaba_pyramid, layout_loops_corners
D:2:      layout_basic, uniq_jessica, uniq_terence
D:3:      minmay_evil_eye, layout_rooms, lemuel_crystal_altar,
          gammafunk_ghost_abyssal_escape
D:4:      layout_loops_ring, dancing_weapons_uskayaw, serial_shops, shop
D:5:      layout_loops_corners, doesnt_xom_only_xom,
          cheibrodos_sewer_entry_sluice, uniq_blork_the_orc
D:6:      layout_loops_ring, serial_shops, shop
D:7:      layout_basic, nicolae_ru_awakened_eye,
          minmay_temple_entry_gardened_gates, serial_co_window_serial,
          co_window_of_opportunity_a, co_window_corner_a, co_window_paths_a,
          co_window_corner_a, co_window_paths_a, co_window_paths_c,
          co_window_broadway_c, co_window_paths_c, co_window_corner_b,
          co_window_corner_b, co_window_corner_b, glass_columns_a
D:8:      layout_gridville, lair_entry_dummy, serial_shops, shop
D:9:      layout_basic, orc_david_3, gammafunk_ghost_spectres, led_sif_pool
Temple:   regret_index_temple_mists

Skill      XL: |  1  2  3  4  5  6  7  8  9 |
---------------+----------------------------+-----
Dodging        | 2 3 4 5 |  5.0
Transmutations | 3 4 5 6 7 |  7.7
Unarmed Combat | 4 5 6 8 |  8.0
Fighting       | 2 3 4 5 |  5.5
Spellcasting   | 3 4 5 |  5.1

Action                   |  1- 3 |  4- 6 |  7- 9 || total
-------------------------+-------+-------+-------++-------
Melee: Unarmed           |    43 |       |   227 ||   270
       Kick              |     6 |    23 |    14 ||    43
       Tailslap          |     2 |    18 |    35 ||    55
       Spear             |    49 |   214 |   182 ||   445
       Headbutt          |     2 |    10 |     6 ||    18
       Punch             |       |     2 |     2 ||     4
 Cast: Beastly Appendage |    21 |    21 |     9 ||    51
       Spider Form       |     1 |       |    32 ||    33
Invok: Whirlwind         |       |       |    21 ||    21
       Lunge             |       |       |     8 ||     8
 Abil: Breathe Lightning |       |       |     5 ||     5
Evoke: Wand              |       |     1 |       ||     1
  Use: Scroll            |       |    10 |     9 ||    19
       Potion            |       |       |     3 ||     3
 Stab: Sleeping          |     2 |       |     3 ||     5
Armor: Skin              |    21 |    63 |    63 ||   147
Dodge: Dodged            |    69 |   125 |   324 ||   518
Block: Other             |       |     1 |    88 ||    89
       Reflection        |       |       |     1 ||     1

Table legend: (Time is in decaauts)
 A = Elapsed time spent in this place.
 B = Non-inter-level travel time spent in this place.
 C = Inter-level travel time spent in this place.
 D = Time resting spent in this place.
 E = Time spent auto-exploring this place.
 F = Levels seen in this place.
 G = Mean time per level.
                   A        B        C        D        E       F      G
               +--------+--------+--------+--------+--------+-----+--------+
         Total |  11774 |  11380 |    394 |    786 |   9072 |  11 | 1070.4 |
       Dungeon |  11297 |  10951 |    346 |    786 |   8682 |   9 | 1255.2 |
        Temple |    218 |    171 |     47 |      0 |    169 |   1 |  218.0 |
         Sewer |    258 |    258 |      0 |      0 |    221 |   1 |  258.0 |
               +--------+--------+--------+--------+--------+-----+--------+

Top non-repeatable levels by time:
     D:8: 1819 daAuts
     D:7: 1531 daAuts
     D:3: 1326 daAuts
     D:1: 1278 daAuts
     D:6: 1268 daAuts
     D:5: 1247 daAuts
     D:4: 1204 daAuts
     D:2: 1123 daAuts
     D:9: 497 daAuts
   Sewer: 258 daAuts
  Temple: 218 daAuts
